| TOP OF THE 1ST |
|
Salem-Keizer Volcanoes batting - Pitching for Eugene Emeralds : LHP Mike Alexander
|
|
Pitching: LHP Mike Alexander
|
|
|
Batting: RHB Alfredo Lemus
|
0-0: Called Strike 0-1: Called Strike 0-2: Strikes out looking
|
|
Batting: LHB Jared Paige
|
0-0: Ball 1-0: Reached on error, E5 (Groundball, 5, EV 76.9 MPH)
|
|
Batting: RHB Danny Gallo
|
0-0: Foul Ball, location: 2F 0-1: Swinging Strike 0-2: Strikes out swinging
|
|
Batting: RHB Jason Gregor
|
0-0: Foul Ball, location: 2F 0-1: Fly out, F8 (Flyball, 8LM, EV 96.3 MPH)
|
| Top of the 1st over - 0 runs, 0 hits, 1 error, 1 left on base; Salem-Keizer 0 - Eugene 0 |
| BOTTOM OF THE 1ST |
|
Eugene Emeralds batting - Pitching for Salem-Keizer Volcanoes : RHP Brian Yinger
|
|
Pitching: RHP Brian Yinger
|
|
|
Batting: RHB Garrett Granata
|
0-0: Ball 1-0: Foul Ball, location: 2F 1-1: Swinging Strike 1-2: Ball 2-2: SINGLE (Line Drive, 4D, EV 107.5 MPH)
|
|
Batting: RHB Chris Slama
|
0-0: Hit by Pitch Garrett Granata to second
|
|
Batting: LHB Trevor Spaulding
|
0-0: Foul Ball, location: 2F 0-1: Foul Ball, location: 2F 0-2: Ball 1-2: DOUBLE (Line Drive, 78M, EV 88.1 MPH) Garrett Granata scores Chris Slama to third
|
|
Batting: RHB Jonathan Sotelo
|
0-0: Ground out 6-3 (Groundball, 6S, EV 81.9 MPH) Chris Slama scores
|
|
Batting: LHB Kwang-chih Men
|
0-0: Called Strike 0-1: Swinging Strike Passed Ball! Trevor Spaulding to third 0-2: Strikes out looking
|
|
Batting: LHB Mark Huey
|
0-0: Foul Ball, location: 2F 0-1: Foul Ball, location: 2F 0-2: SINGLE (Line Drive, 89M, EV 102.5 MPH) Trevor Spaulding scores
|
|
Batting: RHB Frank McArdle
|
0-0: Ball Mark Huey is caught stealing 2nd base 2-4
|
| Bottom of the 1st over - 3 runs, 3 hits, 0 errors, 0 left on base; Salem-Keizer 0 - Eugene 3 |
| TOP OF THE 2ND |
|
Salem-Keizer Volcanoes batting - Pitching for Eugene Emeralds : LHP Mike Alexander
|
|
Now in LF: Jonathan Sotelo
|
|
|
Now in CF: Brian Gargis
|
|
|
Now in RF: David Barnard
|
|
|
Batting: LHB Gil Caraveo
|
0-0: Called Strike 0-1: Fly out, F8 (Flyball, 8LD, EV 95.6 MPH)
|
|
Batting: RHB Gabe Ochoa
|
0-0: Foul Ball, location: 2F 0-1: Ball 1-1: Called Strike 1-2: Ball 2-2: Strikes out swinging
|
|
Batting: LHB Al Hernandez
|
0-0: Called Strike 0-1: Swinging Strike 0-2: Ball 1-2: Strikes out swinging
|
| Top of the 2nd over - 0 runs, 0 hits, 0 errors, 0 left on base; Salem-Keizer 0 - Eugene 3 |
| BOTTOM OF THE 2ND |
|
Eugene Emeralds batting - Pitching for Salem-Keizer Volcanoes : RHP Brian Yinger
|
|
Batting: RHB Frank McArdle
|
0-0: Ball 1-0: DOUBLE (Flyball, 8LD, EV 86.3 MPH)
|
|
Batting: RHB Brian Gargis
|
0-0: Ball 1-0: Called Strike 1-1: Foul Ball, location: 2F 1-2: Ball 2-2: Ball 3-2: SINGLE (Line Drive, 34D, EV 95.6 MPH) Frank McArdle to third
|
|
Batting: RHB Jonathan Ridgely
|
0-0: Called Strike Brian Gargis steals 2nd base 0-1: Ball 1-1: Foul Ball, location: 2F 1-2: Ball 2-2: DOUBLE (Line Drive, 89D, EV 100.6 MPH) Frank McArdle scores Brian Gargis scores
|
|
Batting: RHB Garrett Granata
|
0-0: Called Strike Balk! Jonathan Ridgely to third 0-1: Ball 1-1: Ball 2-1: Ball 3-1: Ground out 4-3 (Groundball, 4, EV 100.6 MPH) Jonathan Ridgely scores
|
|
Batting: RHB Chris Slama
|
0-0: Called Strike 0-1: Called Strike 0-2: Strikes out swinging
|
|
Batting: LHB Trevor Spaulding
|
0-0: Called Strike 0-1: Ground out U3 (Groundball, 3S, EV 82.5 MPH)
|
| Bottom of the 2nd over - 3 runs, 3 hits, 0 errors, 0 left on base; Salem-Keizer 0 - Eugene 6 |
| TOP OF THE 3RD |
|
Salem-Keizer Volcanoes batting - Pitching for Eugene Emeralds : LHP Mike Alexander
|
|
Batting: RHB Ryan Johnston
|
0-0: Ball 1-0: Called Strike 1-1: Ball 2-1: Called Strike 2-2: Strikes out swinging
|
|
Batting: RHB Willie Sanchez
|
0-0: Foul Ball, location: 2F 0-1: Called Strike 0-2: Ground out 6-3 (Groundball, 6, EV 90.6 MPH)
|
|
Batting: RHB Alfredo Lemus
|
0-0: Ball 1-0: Foul Ball, location: 2F 1-1: Ball 2-1: Ground out 5-3 (Groundball, 56S, EV 89.4 MPH)
|
| Top of the 3rd over - 0 runs, 0 hits, 0 errors, 0 left on base; Salem-Keizer 0 - Eugene 6 |
| BOTTOM OF THE 3RD |
|
Eugene Emeralds batting - Pitching for Salem-Keizer Volcanoes : RHP Brian Yinger
|
|
Batting: RHB Jonathan Sotelo
|
0-0: Foul Ball, location: 2F 0-1: Ground out 6-3 (Groundball, 56, EV 100.6 MPH)
|
|
Batting: LHB Kwang-chih Men
|
0-0: Ground out 5-3 (Groundball, 5S, EV 70.6 MPH)
|
|
Batting: RHB David Barnard
|
0-0: Ball 1-0: SOLO HOME RUN (Flyball, 78XD, EV 103.8 MPH), Distance : 400 ft
|
|
Pitching: RHP Lorenzo de Jesus
|
|
|
Batting: RHB Frank McArdle
|
0-0: Fly out, F3 (Popup, 3SF, EV 86.9 MPH)
|
| Bottom of the 3rd over - 1 run, 1 hit, 0 errors, 0 left on base; Salem-Keizer 0 - Eugene 7 |
| TOP OF THE 4TH |
|
Salem-Keizer Volcanoes batting - Pitching for Eugene Emeralds : LHP Mike Alexander
|
|
Batting: LHB Jared Paige
|
0-0: Foul Ball, location: 2F 0-1: Called Strike 0-2: Ball 1-2: Strikes out swinging
|
|
Batting: RHB Danny Gallo
|
0-0: Called Strike 0-1: Ball 1-1: Ball 2-1: Foul Ball, location: 2F 2-2: Foul Ball, location: 2F 2-2: Ball 3-2: Foul Ball, location: 2F 3-2: Ground out U3 (Groundball, 3, EV 86.9 MPH)
|
|
Batting: RHB Jason Gregor
|
0-0: Ground out U3 (Groundball, 34, EV 90.6 MPH)
|
| Top of the 4th over - 0 runs, 0 hits, 0 errors, 0 left on base; Salem-Keizer 0 - Eugene 7 |
| BOTTOM OF THE 4TH |
|
Eugene Emeralds batting - Pitching for Salem-Keizer Volcanoes : RHP Lorenzo de Jesus
|
|
Batting: RHB Brian Gargis
|
0-0: Ball 1-0: Ball 2-0: Foul Ball, location: 2F 2-1: Swinging Strike 2-2: Ground out 1-3 (Groundball, 13, EV 73.1 MPH)
|
|
Batting: RHB Jonathan Ridgely
|
0-0: Called Strike 0-1: Foul Ball, location: 2F 0-2: Ball 1-2: Foul Ball, location: 2F 1-2: Strikes out looking
|
|
Batting: RHB Garrett Granata
|
0-0: Ball 1-0: Ball 2-0: Called Strike 2-1: Swinging Strike 2-2: Ground out 3-1 (Groundball, 34S, EV 85.0 MPH)
|
| Bottom of the 4th over - 0 runs, 0 hits, 0 errors, 0 left on base; Salem-Keizer 0 - Eugene 7 |
| TOP OF THE 5TH |
|
Salem-Keizer Volcanoes batting - Pitching for Eugene Emeralds : LHP Mike Alexander
|
|
Pitching: LHP Oscar Stolarski
|
|
|
Batting: LHB Gil Caraveo
|
0-0: Called Strike 0-1: Ball 1-1: Ball 2-1: Ball 3-1: Ground out U3 (Groundball, 34, EV 95.0 MPH)
|
|
Batting: RHB Gabe Ochoa
|
0-0: Called Strike 0-1: Ground out 6-3 (Groundball, 6, EV 99.4 MPH)
|
|
Batting: LHB Al Hernandez
|
0-0: Ball 1-0: SINGLE (Line Drive, 3D, EV 99.4 MPH)
|
|
Batting: RHB Ryan Johnston
|
0-0: Called Strike 0-1: Called Strike 0-2: Foul Ball, location: 2F 0-2: Strikes out swinging
|
| Top of the 5th over - 0 runs, 1 hit, 0 errors, 1 left on base; Salem-Keizer 0 - Eugene 7 |
| BOTTOM OF THE 5TH |
|
Eugene Emeralds batting - Pitching for Salem-Keizer Volcanoes : RHP Lorenzo de Jesus
|
|
Batting: RHB Chris Slama
|
0-0: SINGLE (Groundball, 6MD, EV 98.8 MPH)
|
|
Batting: LHB Trevor Spaulding
|
0-0: Ball 1-0: Ground out 4-3 (Groundball, 34D, EV 107.5 MPH) Chris Slama to second
|
|
Batting: RHB Jonathan Sotelo
|
0-0: Called Strike 0-1: Called Strike 0-2: Ball 1-2: Strikes out swinging, 2-3 out at first.
|
|
Batting: LHB Kwang-chih Men
|
0-0: Ball 1-0: Ball 2-0: Called Strike 2-1: Foul Ball, location: 2F 2-2: Strikes out swinging
|
| Bottom of the 5th over - 0 runs, 1 hit, 0 errors, 1 left on base; Salem-Keizer 0 - Eugene 7 |
| TOP OF THE 6TH |
|
Salem-Keizer Volcanoes batting - Pitching for Eugene Emeralds : LHP Oscar Stolarski
|
|
Batting: RHB Willie Sanchez
|
0-0: Fly out, F8 (Line Drive, 8LD, EV 109.4 MPH)
|
|
Batting: RHB Alfredo Lemus
|
0-0: Foul Ball, location: 2F 0-1: Foul Ball, location: 2F 0-2: Ball 1-2: Ball 2-2: Ground out 5-3 (Groundball, 56S, EV 89.4 MPH)
|
|
Batting: LHB Jared Paige
|
0-0: Ball 1-0: Called Strike 1-1: Ball 2-1: SINGLE (Line Drive, 5D, EV 102.5 MPH)
|
|
Batting: RHB Danny Gallo
|
0-0: Called Strike 0-1: Foul Ball, location: 2F 0-2: Fly out, F9 (Flyball, 89S, EV 92.5 MPH)
|
| Top of the 6th over - 0 runs, 1 hit, 0 errors, 1 left on base; Salem-Keizer 0 - Eugene 7 |
| BOTTOM OF THE 6TH |
|
Eugene Emeralds batting - Pitching for Salem-Keizer Volcanoes : RHP Lorenzo de Jesus
|
|
Pitching: RHP Takashi Kino
|
|
|
Batting: RHB David Barnard
|
0-0: Ball 1-0: Ball 2-0: Fly out, F7 (Flyball, 7S, EV 85.0 MPH)
|
|
Batting: RHB Frank McArdle
|
0-0: Called Strike 0-1: Fly out, F7 (Flyball, 7S, EV 76.3 MPH)
|
|
Batting: RHB Brian Gargis
|
0-0: Ball 1-0: Foul Ball, location: 2F 1-1: Called Strike 1-2: Ball 2-2: Strikes out swinging
|
| Bottom of the 6th over - 0 runs, 0 hits, 0 errors, 0 left on base; Salem-Keizer 0 - Eugene 7 |
| TOP OF THE 7TH |
|
Salem-Keizer Volcanoes batting - Pitching for Eugene Emeralds : LHP Oscar Stolarski
|
|
Batting: RHB Jason Gregor
|
0-0: Ground out 5-3 (Groundball, 56, EV 77.5 MPH)
|
|
Batting: LHB Gil Caraveo
|
0-0: Ground out 4-3 (Groundball, 34, EV 91.3 MPH)
|
|
Pinch Hitting: RHB John Tyra
|
0-0: Called Strike 0-1: Fly out, F3 (Popup, 3F, EV 55.6 MPH)
|
| Top of the 7th over - 0 runs, 0 hits, 0 errors, 0 left on base; Salem-Keizer 0 - Eugene 7 |
| BOTTOM OF THE 7TH |
|
Eugene Emeralds batting - Pitching for Salem-Keizer Volcanoes : RHP Takashi Kino
|
|
Now at 2B: Ryan Johnston
|
|
|
Now at 3B: John Tyra
|
|
|
Now at SS: Alfredo Lemus
|
|
|
Batting: RHB Jonathan Ridgely
|
0-0: Ball 1-0: Ball 2-0: SINGLE (Groundball, 56D, EV 103.8 MPH)
|
|
Pinch Hitting: RHB Ricky Lule
|
0-0: Called Strike 0-1: Foul Ball, location: 2F 0-2: Foul Ball, location: 2F 0-2: Ball 1-2: Ball 2-2: Strikes out swinging
|
|
Pinch Hitting: LHB Adam Conover
|
0-0: Ground out 4-3 (Groundball, 34D, EV 106.3 MPH) Jonathan Ridgely to second
|
|
Pinch Hitting: RHB Dusty Hergert
|
0-0: Ball 1-0: Ball 2-0: Foul Ball, location: 2F 2-1: Ball 3-1: Base on Balls
|
|
Batting: RHB Jonathan Sotelo
|
0-0: Foul Ball, location: 2F 0-1: Ball 1-1: TRIPLE (Flyball, 89XD, EV 97.5 MPH) Jonathan Ridgely scores Dusty Hergert scores
|
|
Batting: LHB Kwang-chih Men
|
0-0: Called Strike 0-1: Called Strike 0-2: Strikes out looking
|
| Bottom of the 7th over - 2 runs, 2 hits, 0 errors, 1 left on base; Salem-Keizer 0 - Eugene 9 |
| TOP OF THE 8TH |
|
Salem-Keizer Volcanoes batting - Pitching for Eugene Emeralds : LHP Oscar Stolarski
|
|
Now at 1B: Kwang-chih Men
|
|
|
Now at 2B: Ricky Lule
|
|
|
Now at 3B: Adam Conover
|
|
|
Now at SS: Dusty Hergert
|
|
|
Batting: LHB Al Hernandez
|
0-0: Called Strike 0-1: Ball 1-1: Fly out, F2 (Popup, 5SF, EV 76.3 MPH)
|
|
Batting: RHB Ryan Johnston
|
0-0: Swinging Strike 0-1: Foul Ball, location: 2F 0-2: Ball 1-2: Strikes out swinging
|
|
Batting: RHB Willie Sanchez
|
0-0: Swinging Strike 0-1: Ground out 5-3 (Groundball, 56S, EV 66.3 MPH)
|
| Top of the 8th over - 0 runs, 0 hits, 0 errors, 0 left on base; Salem-Keizer 0 - Eugene 9 |
| BOTTOM OF THE 8TH |
|
Eugene Emeralds batting - Pitching for Salem-Keizer Volcanoes : RHP Takashi Kino
|
|
Batting: RHB David Barnard
|
0-0: Called Strike 0-1: Ball 1-1: Ball 2-1: Ball 3-1: Reached on error, E6 (Groundball, P, EV 82.5 MPH)
|
|
Batting: RHB Frank McArdle
|
0-0: Called Strike 0-1: Called Strike 0-2: Ball 1-2: Foul Ball, location: 2F 1-2: SINGLE (Line Drive, 7LS, EV 96.9 MPH) David Barnard to third
|
|
Batting: RHB Brian Gargis
|
0-0: Fielders Choice at 2nd, 3-6 (Groundball, 34S, EV 85.0 MPH) David Barnard scores
|
|
Batting: RHB Jonathan Ridgely
|
0-0: Called Strike 0-1: Ball 1-1: Ball 2-1: Grounds into double play, 6-4-3 (Groundball, 6, EV 105.0 MPH)
|
| Bottom of the 8th over - 1 run, 1 hit, 1 error, 0 left on base; Salem-Keizer 0 - Eugene 10 |
| TOP OF THE 9TH |
|
Salem-Keizer Volcanoes batting - Pitching for Eugene Emeralds : LHP Oscar Stolarski
|
|
Batting: RHB Alfredo Lemus
|
0-0: Called Strike 0-1: Foul Ball, location: 2F 0-2: Ball 1-2: Fly out, F8 (Flyball, 78D, EV 98.8 MPH)
|
|
Pitching: LHP VirgĂlio Beyfus
|
|
|
Batting: LHB Jared Paige
|
0-0: Ball 1-0: Ball 2-0: Foul Ball, location: 2F 2-1: Called Strike 2-2: Strikes out looking
|
|
Batting: RHB Danny Gallo
|
0-0: Ball 1-0: Ball 2-0: Ball 3-0: Base on Balls
|
|
Batting: RHB Justin Layton
|
0-0: Swinging Strike 0-1: Foul Ball, location: 2F 0-2: Fielders Choice at 2nd, 6-4 (Groundball, 6, EV 84.4 MPH)
|
| Top of the 9th over - 0 runs, 0 hits, 0 errors, 1 left on base; Salem-Keizer 0 - Eugene 10 |
|